 Dungeon Crawl Stone Soup version 0.17-a0-1753-g75d4604 (webtiles) character file.

75803 matakusis the Spry (level 15, -7/118 HPs)
             Began as a Demonspawn Gladiator on Sept 1, 2015.
             Was a High Priest of Yredelemnul.
             Mangled by a four-headed hydra (10 damage)
             ... on level 4 of the Swamp on Sept 2, 2015.
             The game lasted 02:47:03 (27758 turns).

matakusis the Spry (Demonspawn Gladiator)          Turns: 27758, Time: 02:47:03

Health: -7/118     AC: 14    Str: 17    XL:     15   Next: 10%
Magic:  0/6        EV: 25    Int: 14    God:    Yredelemnul [*****.]
Gold:   1557       SH:  0    Dex: 19    Spells: 3 memorised, 1 level left

rFire  . . .     SeeInvis +     C - +11 battleaxe of Bahetiho {speed, rC+}
rCold  + + +     Clarity  .     n - +3 leather armour {MR+}
rNeg   . . .     SustAt   .     (no shield)
rPois  +         Gourm    .     (helmet restricted)
rElec  .         Spirit   +     V - +2 cloak {rPois}
rCorr  .         Warding  .     (gloves unavailable)
rMut   .         Stasis   .     x - +0 pair of boots "Viviagy" {rC++ MP-9 Int+4}
MR     ++...                    c - amulet of rage
Stlth  +.........               l - ring of wizardry
                                Y - +3 ring of strength

@: invisible, very resistant to hostile enchantments, very unstealthy
A: claws 3, horns 1, talons 1, thin metallic scales 2, see invisible, breathe
flames 1, cold resistance 1, demonic guardian 1, weak 1, magic shield, magic
regeneration, MP-powered wands
a: Animate Dead, Recall Undead Slaves, Injury Mirror, Drain Life, Enslave Soul,
Renounce Religion, Breathe Fire, Evoke Berserk Rage


You were on level 4 of the Swamp.
You worshipped Yredelemnul.
Yredelemnul was extremely pleased with you.
You were not hungry.

You visited 4 branches of the dungeon, and saw 23 of its levels.
You also visited: Labyrinth.

You collected 1679 gold pieces.
You spent 122 gold pieces at shops.

Inventory:

Hand weapons
 C - the +11 battleaxe of Bahetiho (weapon) {speed, rC+}
   (You found it on level 9 of the Dungeon)

   Attacks with this weapon are significantly faster.
   It protects you from cold.
Missiles
 t - 4 tomahawks of dispersal
 v - 2 throwing nets
 y - 5 tomahawks of returning (quivered)
Armour
 n - a +3 leather armour of magic resistance (worn)
 x - the +0 pair of boots "Viviagy" (worn) {rC++ MP-9 Int+4}
   (You acquired it on level 1 of the Swamp)

   It affects your intelligence (+4).
   It greatly protects you from cold.
   It affects your magic capacity (-9).
 P - a +1 ice dragon armour
 V - a +2 cloak of poison resistance (worn)
Jewellery
 c - an amulet of rage (around neck)
 j - an uncursed ring of fire
 l - a ring of wizardry (right claw)
 E - the amulet of Atheism {Faith SInv}
   (You found it on level 5 of the Lair of Beasts)

   [amulet of faith]

   It allows you to gain divine favour quickly.
   It lets you see invisible.
 Q - an uncursed amulet of warding
 Y - a +3 ring of strength (left claw)
Magical devices
 i - a wand of slowing (14)
 H - a wand of digging (7)
 O - a wand of disintegration (21)
 U - a wand of paralysis (4)
 X - a wand of confusion (26)
 Z - a wand of invisibility (3)
Scrolls
 a - 3 scrolls of blinking
 b - 6 scrolls of fog
 f - 5 scrolls of remove curse
 p - 4 scrolls of teleportation
 r - 4 scrolls of enchant weapon
 u - 2 scrolls of recharging
 A - 4 scrolls of identify
 D - a scroll of summoning
 J - 2 scrolls of magic mapping
 L - 2 scrolls of fear
 S - a scroll of immolation
Potions
 h - a potion of magic
 m - 6 potions of agility
 o - 2 potions of curing
 q - 2 potions of invisibility
 s - 2 potions of flight
 w - 2 potions of brilliance
 G - 2 potions of cure mutation
 R - a potion of might
Books
 B - a book of Battle

   Spells                             Type                      Level
   a - Infusion                       Charms                       1
   b - Shroud of Golubria             Charms/Translocation         2
   c - Song of Slaying                Charms                       2
   d - Spectral Weapon                Hexes/Charms                 3
   e - Regeneration                   Charms/Necromancy            3
 N - a book of Debilitation

   Spells                             Type                      Level
   a - Corona                         Hexes                        1
   b - Slow                           Hexes                        2
   c - Gell's Gravitas                Hexes/Translocation          3
   d - Inner Flame                    Hexes/Fire                   3
   e - Cause Fear                     Hexes                        4
   f - Leda's Liquefaction            Hexes/Earth                  4
 T - a book of Frost

   Spells                             Type                      Level
   a - Freeze                         Ice                          1
   b - Throw Frost                    Conjuration/Ice              2
   c - Ozocubu's Armour               Charms/Ice                   3
   d - Throw Icicle                   Conjuration/Ice              4
   e - Summon Ice Beast               Ice/Summoning                4
   f - Condensation Shield            Ice                          4
Miscellaneous
 d - a stone of tremors
 z - a plain deck of escape {the Tomb}
 M - a plain deck of wonders {the Mercenary}
 W - a box of beasts
Comestibles
 e - 15 bread rations
 g - 6 meat rations
 k - 16 fruits


   Skills:
 + Level 11.1 Fighting
 + Level 12.9 Axes
 - Level 1.7 Throwing
 * Level 8.5 Armour
 * Level 15.3 Dodging
   Level 1.2 Shields
 + Level 0.3 Charms
 * Level 6.5 Ice Magic
 - Level 1.1 Invocations


You had one spell level left.
You knew the following spells:

 Your Spells              Type           Power        Failure   Level  Hunger
a - Condensation Shield   Ice            ###.......   10%         4    #####..
b - Freezing Cloud        Conj/Ice/Air   #.........   100%        6    #######
c - Ozocubu's Armour      Chrm/Ice       #.......     12%         3    ####...


Dungeon Overview and Level Annotations

Branches:
Dungeon (10/15)            Temple (1/1) D:7            Lair (8/8) D:10
  Swamp (4/4) Lair:6        Snake (0/4) Lair:3        Slime (0/6) Lair:6
    Orc: D:9-12

Altars:
Ashenzari
Cheibriados
Dithmenos
Elyvilon
Fedhas
Gozag
Kikubaaqudgha
Makhleb
Nemelex Xobeh
Okawaru
Qazlal
Ru
Sif Muna
Trog
Vehumet
Xom
Yredelemnul
Zin
The Shining One
Jiyva

Shops:
D:4 *


Innate Abilities, Weirdness & Mutations

You have claws for hands.
You are mostly covered in thin metallic scales (AC +3).
A weak demonic guardian rushes to your aid.
When hurt, damage is shared between your health and your magic reserves.
You regenerate magic rapidly.
You have a pair of small horns on your head.
You have sharp toenails.
You have supernaturally acute eyesight.
You can breathe flames.
Your flesh is cold resistant.
You are weak. (Str -2)
You expend magic power (3 MP) to strengthen your wands.


Message History

The swamp drake breathes noxious fumes at you.
The four-headed hydra barely misses you.
The four-headed hydra bites you but does no damage.
The four-headed hydra barely misses you. x2
The swamp worm bites you but does no damage.
A five-headed hydra comes into view.
Press: ? - help, v - describe, . - travel
Here: a spriggan druid, wielding a quarterstaff and wearing a robe (moderately wounded) Some shallow water.
Drink which item? (? for menu, Esc to quit)
You fade into invisibility!
A tree reaches out and hits you!
* * * LOW HITPOINT WARNING * * *
The swamp worm completely misses you.
The spriggan druid hits you with a quarterstaff!
* * * LOW HITPOINT WARNING * * *
The four-headed hydra closely misses you.
The four-headed hydra bites you!
You die...
Your body rises from the dead as a mindless zombie.

♣ ≈≈≈≈ ♣ .≈..
.≈≈.. ♣.≈≈≈.
♣♣♣♣♣♣§..≈≈≈
♣♣≈≈≈§≈§.....
♣.≈≈.§§§§..k.
♣≈≈≈w@D§§§§♣
♣.≈≈wi♣§§..≈.
♣♣.≈.≈♣ .≈≈≈§
♣D.≈♣§ ≈≈≈♣
.≈≈♣♣ D .♣♣
♣♣≈≈ .≈ ♣ ♣.
.. ♣≈ ≈≈♣


You could see an eight-headed hydra, a five-headed hydra, a four-headed hydra, a
spriggan druid, 2 swamp worms and a swamp drake.

Vanquished Creatures
  Gastronok (Lair:2)
  Kirke (Swamp:1)
  A thorn hunter (Swamp:2)
  A minotaur (Lab)
  5 hydras
  An ice dragon (Lair:6)
  5 alligators
  3 death yaks (Lair:8)
  4 swamp dragons
  A hill giant (D:6)
  A shambling mangrove (Swamp:3)
  A griffon (Lair:7)
  A hornet (Swamp:2)
  21 elephants
  2 black mambas
  2 steam dragons (Lair:8)
  A gargoyle (D:10)
  14 spiny frogs
  7 komodo dragons
  A fire drake (Lair:8)
  2 giant leeches
  A bog body (Swamp:3)
  4 blink frogs (Lair:7)
  4 boulder beetles (Lair:4)
  11 slime creatures
  An alligator zombie (Swamp:1)
  A spriggan (Swamp:2)
  5 basilisks
  6 hippogriffs
  18 yaks
  A hungry ghost (D:9)
  A wraith (D:10)
  2 mottled dragons (Lair:8)
  A wyvern (Lair:3)
  4 vampire mosquitoes
  2 hogs (Swamp:1)
  2 wargs (D:10)
  7 swamp worms
  An insubstantial wisp (Swamp:2)
  3 nagas (Lair:3)
  21 water moccasins
  3 wasps
  9 porcupines
  An ice beast (D:8)
  2 ogres
  4 orc warriors
  8 swamp drakes
  2 phantoms
  4 sky beasts
  2 black bears
  3 centaurs
  19 crocodiles
  3 big kobolds
  15 giant frogs
  A gnoll sergeant (D:8)
  3 scorpions
  7 killer bees
  14 wights
  A centaur zombie (D:9)
  4 electric eels
  4 jellies
  2 crimson imps
  2 giant frog skeletons
  A giant frog zombie (D:5)
  3 orc priests
  A wasp zombie (Swamp:1)
  A centaur skeleton (D:8)
  10 orc wizards
  A hound (D:9)
  8 worker ants
  5 iguanas
  A killer bee zombie (D:8)
  7 sheep
  2 hound skeletons
  12 adders
  A worker ant zombie (D:10)
  9 gnolls
  33 river rats
  2 white imps (Lair:6)
  4 oozes
  3 adder skeletons
  2 giant geckos
  44 orcs
  A ball python (D:4)
  3 bats
  9 giant cockroaches
  15 goblins
  8 hobgoblins
  30 kobolds
  2 quokkas (D:4)
  2 giant gecko zombies
  3 giant newts
  11 jackals
  8 rats
  2 briar patches (Swamp:3)
  A bush (D:3)
  10 fungi
  3 plants
543 creatures vanquished.

Vanquished Creatures (collateral kills)
  A thorn hunter (Swamp:3)
  A fire dragon (Lair:8)
  13 hydras
  An alligator (Swamp:1)
  5 death yaks (Lair:8)
  6 swamp dragons
  A hill giant (D:10)
  A lindwurm (Lair:8)
  2 hornets
  9 elephants
  A black mamba (Lair:3)
  Maurice (D:10)
  5 spiny frogs
  A torpor snail (Lair:8)
  4 komodo dragons
  A fire drake (Lair:8)
  A wyvern (Lair:8)
  4 giant leeches
  2 boulder beetles (Lair:8)
  4 blink frogs
  4 slime creatures
  A spriggan (Swamp:3)
  2 basilisks (Lair:8)
  10 yaks
  6 hippogriffs
  A vampire mosquito (Swamp:3)
  A hog (Swamp:1)
  A naga (Lair:3)
  5 water moccasins
  4 swamp worms
  An orc warrior (D:10)
  2 porcupines
  4 swamp drakes
  A wasp (Swamp:3)
  3 centaurs
  8 crocodiles
  4 giant frogs
  A scorpion (D:6)
  A crimson imp (D:8)
  A wight (D:9)
  A hound (D:4)
  An electric eel (Lair:3)
  An orc priest (D:4)
  An orc wizard (D:3)
  3 sheep
  An iguana (Lair:8)
  A hound skeleton (D:10)
  A shadow imp (D:10)
  A white imp (Lair:6)
  17 river rats
  5 orcs
  A hobgoblin (D:6)
  2 kobolds (D:5)
  A goblin (D:5)
  2 bushes
  30 fungi
  17 plants
211 creatures vanquished.

Vanquished Creatures (others)
  An elephant (Lair:8)
  2 swamp worm zombies
  2 hydra zombies (Swamp:4)
  A fire dragon zombie (Lair:8)
  7 flying skulls
  2 vampires (Lair:8)
  2 wraiths
  A giant leech zombie (Swamp:3)
  A human (Swamp:1)
  2 spiny frog zombies (Lair:8)
  A swamp dragon zombie (Swamp:4)
  A wyvern zombie (Lair:8)
  A fire drake zombie (Lair:8)
  A vampire mosquito zombie (Swamp:2)
  A komodo dragon zombie (Lair:8)
  A warg zombie (D:10)
  4 water moccasin zombies
  3 hippogriff zombies
  4 yak zombies
  2 wights
  2 giant frog zombies
  A basilisk zombie (Lair:8)
  A porcupine zombie (Lair:1)
  3 crocodile zombies
  2 mottled dragon zombies (Lair:8)
  A swamp drake zombie (Swamp:4)
  A sheep zombie (Lair:8)
  12 river rat zombies
  3 orc zombies (D:10)
  62 fungi
  18 plants
  9 toadstools (Swamp:2)
155 creatures vanquished.

Grand Total: 909 creatures vanquished

Notes
Turn   | Place    | Note
--------------------------------------------------------------
     0 | D:1      | matakusis the Demonspawn Gladiator began the quest for the Orb.
     0 | D:1      | Reached XP level 1. HP: 16/16 MP: 1/1
    48 | D:1      | Reached skill level 3 in Dodging
    59 | D:1      | Gained mutation: A weak demonic guardian rushes to your aid. [demonic ancestry]
    59 | D:1      | Reached XP level 2. HP: 17/22 MP: 2/2
   348 | D:1      | Gained mutation: You are partially covered in thin metallic scales (AC +2). [demonic ancestry]
   348 | D:1      | Reached XP level 3. HP: 25/27 MP: 3/3
  1033 | D:2      | Found a radiant altar of Vehumet.
  1581 | D:3      | Gained mutation: You have sharp fingernails. [demonic ancestry]
  1581 | D:3      | Reached XP level 4. HP: 27/34 MP: 4/4
  1798 | D:3      | Found a snail-covered altar of Cheibriados.
  1798 | D:3      | Found a burning altar of Makhleb.
  1799 | D:3      | Found a glowing silver altar of Zin.
  1900 | D:3      | Reached skill level 1 in Armour
  2033 | D:3      | Reached skill level 4 in Dodging
  2576 | D:3      | Gained mutation: You are mostly covered in thin metallic scales (AC +3). [demonic ancestry]
  2576 | D:3      | Reached XP level 5. HP: 35/40 MP: 5/5
  2799 | D:4      | Found Unkupaha's Assorted Antiques.
  2804 | D:4      | Bought a scroll of identify for 50 gold pieces
  2804 | D:4      | Bought a scroll of identify for 50 gold pieces
  2804 | D:4      | Bought a puce potion for 22 gold pieces
  2837 | D:4      | Noticed an ogre
  2890 | D:4      | Killed an ogre
  2890 | D:4      | Gained mutation: You have very sharp fingernails. [demonic ancestry]
  2890 | D:4      | Reached XP level 6. HP: 25/47 MP: 6/6
  2994 | D:4      | Reached skill level 5 in Dodging
  3232 | D:4      | Found a shattered altar of Ashenzari.
  3652 | D:5      | Entered Level 5 of the Dungeon
  3802 | D:5      | Gained mutation: When hurt, damage is shared between your health and your magic reserves. [demonic ancestry]
  3802 | D:5      | Reached XP level 7. HP: 14/53 MP: 7/7
  4468 | D:5      | Reached skill level 6 in Dodging
  4506 | D:5      | Found a sacrificial altar of Ru.
  4967 | D:6      | You fall through a shaft for 2 floors!
  5096 | D:8      | Reached XP level 8. HP: 47/61 MP: 8/8
  5131 | D:8      | Gained mutation: Your system is resistant to poisons. [mutagenic meat]
  5132 | D:8      | Lost mutation: Your system is resistant to poisons. [mutagenic meat]
  5133 | D:8      | Gained mutation: You have supernaturally acute eyesight. [mutagenic meat]
  5135 | D:8      | Gained mutation: You have sharp toenails. [mutagenic meat]
  5368 | D:8      | Reached skill level 7 in Dodging
  5508 | D:8      | Reached skill level 5 in Axes
  5610 | D:7      | Reached skill level 5 in Fighting
  5920 | D:7      | Reached skill level 8 in Dodging
  6036 | D:7      | Gained mutation: Your flesh is heat resistant. [mutagenic meat]
  6037 | D:7      | Gained mutation: You are weak. (Str -2) [mutagenic meat]
  6038 | D:7      | Gained mutation: You have a pair of small horns on your head. [mutagenic meat]
  6076 | D:7      | Found a staircase to the Ecumenical Temple.
  6097 | Temple   | Entered the Ecumenical Temple
  6201 | Temple   | Became a worshipper of Yredelemnul the Dark
  6316 | D:6      | Reached XP level 9. HP: 63/68 MP: 6/9
  6485 | D:6      | Noticed a hill giant
  6499 | D:6      | Killed a hill giant
  6536 | D:6      | Reached skill level 9 in Dodging
  6574 | D:6      | Found a white marble altar of Elyvilon.
  6916 | D:6      | Gained mutation: You expend magic power (3 MP) to strengthen your wands. [mutagenic meat]
  6917 | D:6      | Gained mutation: You can breathe flames. [mutagenic meat]
  6918 | D:6      | Lost mutation: Your flesh is heat resistant. [mutagenic meat]
  6919 | D:6      | Gained mutation: Your flesh is cold resistant. [mutagenic meat]
  7426 | D:7      | Acquired Yredelemnul's first power
  8144 | D:8      | Reached skill level 10 in Dodging
  8409 | D:8      | Reached skill level 1 in Shields
  8590 | D:9      | Gained mutation: You have claws for hands. [demonic ancestry]
  8590 | D:9      | Reached XP level 10. HP: 73/76 MP: 10/10
  8953 | D:9      | Got a shimmering battleaxe
  8965 | D:9      | Identified the +11 battleaxe of Bahetiho {speed, rC+} (You found it on level 9 of the Dungeon)
  9047 | D:9      | Found an ancient bone altar of Kikubaaqudgha.
  9913 | D:10     | Entered Level 10 of the Dungeon
 10060 | D:10     | Found a staircase to the Lair.
 10079 | D:10     | Acquired Yredelemnul's second power
 10171 | D:10     | Noticed a hill giant
 10177 | D:10     | Killed a hill giant
 10177 | D:10     | Reached skill level 11 in Dodging
 10421 | D:10     | Reached skill level 1 in Invocations
 10626 | D:10     | Noticed Maurice
 10638 | D:10     | Killed Maurice
 10865 | Lair:1   | Entered Level 1 of the Lair of Beasts
 11224 | Lair:1   | Reached XP level 11. HP: 80/83 MP: 11/11
 11550 | Lair:1   | Found a shimmering altar of Xom.
 12689 | Lair:2   | Noticed Gastronok
 12694 | Lair:2   | Acquired Yredelemnul's third power
 12707 | Lair:2   | Killed Gastronok
 12707 | Lair:2   | Reached skill level 12 in Dodging
 12711 | Lair:2   | Reached skill level 5 in Armour
 13593 | Lair:3   | Found a labyrinth entrance.
 13603 | Lab      | Entered a labyrinth
 16950 | Lab      | Noticed a minotaur
 16963 | Lab      | Killed a minotaur
 16963 | Lab      | Reached XP level 12. HP: 81/93 MP: 10/12
 17015 | Lab      | Identified a cursed +7 rod of destruction (12/12) (You found it in a labyrinth)
 17151 | Lair:3   | Found a staircase to the Snake Pit.
 17395 | Lair:3   | Reached skill level 10 in Axes
 18198 | Lair:4   | Received a gift from Yredelemnul
 18604 | Lair:4   | Learned a level 4 spell: Condensation Shield
 18611 | Lair:4   | Learned a level 6 spell: Freezing Cloud
 19057 | Lair:5   | Got a heavily runed copper amulet
 19059 | Lair:5   | Identified the amulet of Atheism {Faith SInv} (You found it on level 5 of the Lair of Beasts)
 19101 | Lair:5   | Noticed an eight-headed hydra
 19107 | Lair:5   | Reached skill level 13 in Dodging
 19108 | Lair:5   | Received a gift from Yredelemnul
 19117 | Lair:5   | Killed a 14-headed hydra
 19117 | Lair:5   | Reached skill level 1 in Ice Magic
 19189 | Lair:5   | Acquired Yredelemnul's fourth power
 19336 | Lair:5   | Received a gift from Yredelemnul
 19686 | Lair:6   | Found a staircase to the Slime Pits.
 19686 | Lair:6   | Found a viscous altar of Jiyva.
 20023 | Lair:6   | Received a gift from Yredelemnul
 20112 | Lair:6   | Found a staircase to the Swamp.
 20120 | Lair:6   | Reached XP level 13. HP: 55/101 MP: 6/13
 20347 | Lair:6   | Acquired Yredelemnul's fifth power
 20348 | Lair:6   | Received a gift from Yredelemnul
 20948 | Lair:6   | Received a gift from Yredelemnul
 21047 | Lair:6   | Noticed an ice dragon
 21057 | Lair:6   | Killed an ice dragon
 21233 | Lair:7   | Received a gift from Yredelemnul
 21951 | Lair:8   | Entered Level 8 of the Lair of Beasts
 22150 | Lair:8   | Received a gift from Yredelemnul
 22623 | Lair:8   | Received a gift from Yredelemnul
 22689 | Lair:8   | Reached skill level 14 in Dodging
 22765 | Lair:8   | Reached skill level 10 in Fighting
 23095 | Lair:8   | Received a gift from Yredelemnul
 23096 | Lair:8   | Reached XP level 14. HP: 98/110 MP: 11/14
 23170 | Lair:8   | Reached skill level 5 in Ice Magic
 23200 | Lair:8   | Received a gift from Yredelemnul
 23360 | Lair:8   | Received a gift from Yredelemnul
 23769 | Lair:8   | Upgraded the game from 0.17-a0-1748-g222fba8 to 0.17-a0-1753-g75d4604
 23848 | Swamp:1  | Entered Level 1 of the Swamp
 23958 | Swamp:1  | Noticed Kirke
 23973 | Swamp:1  | Killed Kirke
 24519 | Swamp:1  | Identified a scroll of acquirement
 24520 | Swamp:1  | Got a pair of brightly glowing boots
 24531 | Swamp:1  | Identified the +0 pair of boots "Viviagy" {rC++ MP-9 Int+4} (You acquired it on level 1 of the Swamp)
 24751 | Swamp:1  | Learned a level 3 spell: Ozocubu's Armour
 25057 | Swamp:2  | Received a gift from Yredelemnul
 25147 | Swamp:2  | Got a crude scale mail
 25148 | Swamp:2  | Identified the +1 scale mail of Hedonism {Int+2 Slay+2} (You found it on level 2 of the Swamp)
 25521 | Swamp:2  | Noticed a thorn hunter
 25535 | Swamp:2  | Killed a thorn hunter
 26533 | Swamp:3  | Reached skill level 15 in Dodging
 26902 | Swamp:3  | Noticed a thorn hunter
 26919 | Swamp:3  | Killed a thorn hunter
 27569 | Swamp:4  | Entered Level 4 of the Swamp
 27693 | Swamp:4  | Gained mutation: You regenerate magic rapidly. [demonic ancestry]
 27693 | Swamp:4  | Reached XP level 15. HP: 118/118 MP: 4/15
 27726 | Swamp:4  | Received a gift from Yredelemnul
 27758 | Swamp:4  | HP: 3/118 [spriggan druid/quarterstaff (9)]
 27758 | Swamp:4  | Mangled by a four-headed hydra

Vault maps used:
D:1:      dpeg_arrival_short_road
D:2:      vehumet_crystals
D:3:      gammafunk_temple_overflow_claw, lexackson_kobold_supper
D:4:      kennysheep_mini_moat, serial_shops, shop
D:5:      corexii_shantytown, lemuel_crystal_altar, first_bread
D:6:      basic_altar, corexii_checkpoint_a, minmay_item_behind_shaft
D:7:      temple_fountains
D:9:      kiku_gazebo_pond_becter, kennysheep_generic_room_10
D:10:     erik_lair_orcish_takeover, uniq_maurice
Temple:   eino_temple_water_12
Lair:1:   nicolae_quartered_pool_medium, lemuel_centaur_altar
Lair:2:   grunt_megastairs_2, serial_bayou_shore_a, uniq_gastronok
Lair:3:   minmay_snake_entry_guardpost_small, lab_entry_generic,
          infiniplex_staircase_pool
Lair:4:   boulder_quad_collide, lemuel_old_faithful
Lair:5:   minivault_27, grunt_megastairs_4
Lair:6:   minmay_swamp_entry_eels, slime_altar_1, small_statue_intersection,
          bobbens_ice_dragon_lair
Lair:7:   lemuel_fruit_fields
Lair:8:   hangedman_lair_in_review, guppyfry_lair_end_dragon, st_stairs_8,
          infiniplex_staircase_pool_2
Swamp:1:  hangedman_swamp_lotus, uniq_kirke
Swamp:2:  cheibrodos_swamp_tower_of_moss, serial_swamp_ruin,
          evilmike_swamp_ruin_rubble_2, evilmike_swamp_ruin_house_2,
          evilmike_swamp_ruin_house_6, swamp_pool3,
          nicolae_swamp_feature_on_the_river_bank
Swamp:3:  nicolae_swamp_stair_fork
Swamp:4:  swamp
Lab:      nicolae_lab_plus

Action                   |  1- 3 |  4- 6 |  7- 9 | 10-12 | 13-15 || total
-------------------------+-------+-------+-------+-------+-------++-------
Melee: War axe           |   121 |   266 |   229 |       |       ||   616
       Hand axe          |       |       |   325 |    57 |       ||   382
       Battleaxe         |       |       |       |   525 |   595 ||  1120
Throw: Throwing net      |     3 |       |     2 |       |       ||     5
       Tomahawk          |       |       |     6 |       |    11 ||    17
 Cast: Condensation Shie |       |       |       |       |     2 ||     2
Invok: Animate Remains   |       |       |       |    14 |       ||    14
       Animate Dead      |       |       |       |    29 |    54 ||    83
       Recall Undead Sla |       |       |       |       |     1 ||     1
 Abil: Breathe Fire      |       |       |     9 |     1 |       ||    10
       Evoke Berserk Rag |       |       |       |       |     8 ||     8
  Use: Scroll            |     6 |    11 |     4 |     8 |    15 ||    44
       Potion            |       |     1 |     3 |     4 |    13 ||    21
 Stab: Held in net/web   |     1 |       |       |       |       ||     1
       Distracted        |       |     1 |     3 |     5 |    14 ||    23
       Sleeping          |       |       |     2 |     4 |     4 ||    10
       Invisible         |       |       |       |       |     6 ||     6
       Confused          |       |       |       |       |     2 ||     2
  Eat: Chunk             |     2 |     7 |    30 |    19 |    13 ||    71
       Pizza             |       |       |     2 |       |     1 ||     3
       Beef jerky        |       |       |       |     3 |     1 ||     4
       Meat ration       |       |       |       |     3 |     4 ||     7
       Royal jelly       |       |       |       |     1 |       ||     1
